 Dungeon Crawl Stone Soup version 0.31-a0-237-g2d982f9f85 (webtiles) character file.

Game seed: 17124380964467386153

75 qw the Shooter (level 4, 0/36 HPs)
             Began as a Minotaur Hexslinger on July 11, 2023.
             Slain by Terence
             ... wielding a +0 flail
              (4 damage)
             ... on level 3 of the Dungeon.
             The game lasted 00:00:41 (1783 turns).

qw the Shooter (Minotaur Hexslinger)                Turns: 1783, Time: 00:00:41

Health: 0/36       AC:  5    Str: 12    XL:     4   Next: 11%
Magic:  4/4        EV: 11    Int: 10    God:
Gold:   50         SH:  0    Dex: 15    Spells: 4/5 levels left

rFire   . . .        Y - +1 sling
rCold   . . .        (no shield)
rNeg    . . .        c - +0 ring mail
rPois   .            (helmet restricted)
rElec   .            (no cloak)
rCorr   .            (no gloves)
SInv    .            (no boots)
Will    .....        (no amulet)
Stlth   +            (no ring)
HPRegen 0.26/turn    (no ring)
MPRegen 0.09/turn

%: no passive effects
@: no status effects
A: horns 2, retaliatory headbutt
a: no special abilities


You were on level 3 of the Dungeon.
You visited 1 branch of the dungeon, and saw 4 of its levels.

You collected 50 gold pieces.


Innate Abilities, Weirdness & Mutations

You have a pair of horns on your head.
You reflexively headbutt those who attack you in melee.


   Skills:
 - Level 2.0 Fighting
 + Level 4.4 Ranged Weapons
 - Level 1.0 Armour
 - Level 2.1 Dodging
 - Level 1.0 Spellcasting
 - Level 2.0 Hexes


You had 4 spell levels left.
You knew the following spells:

 Your Spells              Type           Power      Damage    Failure   Level
a - Slow                  Hex            16%        N/A       34%         1

Your spell library contained the following spells:

 Spells                   Type           Power      Damage    Failure   Level
 Inner Flame              Hex/Fire       2%         N/A       83%         3
 Portal Projectile        Hex/Tloc       4%         N/A       83%         3
 Cause Fear               Hex            2%         N/A       98%         4

Inventory:

Hand Weapons
 Y - a +1 sling (weapon)
Armour
 c - a +0 ring mail (worn)
Scrolls
 d - a scroll of vulnerability {unknown}
Potions
 a - a potion of curing {unknown}
 b - a potion of brilliance {unknown}

Dungeon Overview and Level Annotations

Branches:
Dungeon (4/15)
 Temple: D:4-7

Altars:

Annotations:
D:3 Terence


Message History

You shoot a sling bullet. The sling bullet hits Terence!
Terence is moderately wounded.
Terence hits you with a +0 flail!
You shoot a sling bullet.
The sling bullet hits Terence but does no damage.
Terence is moderately wounded.
Terence hits you with a +0 flail.
You shoot a sling bullet.
The sling bullet hits Terence but does no damage.
Terence is moderately wounded.
Terence hits you with a +0 flail. Terence barely misses you.
You shoot a sling bullet.
The sling bullet closely misses Terence.
Terence hits you but does no damage.
You shoot a sling bullet.
The sling bullet closely misses Terence.
Terence hits you but does no damage.
You shoot a sling bullet.
The sling bullet hits Terence but does no damage.
Terence is moderately wounded.
Terence hits you but does no damage. Terence hits you with a +0 flail.
You shoot a sling bullet. The sling bullet hits Terence.
Terence is heavily wounded.
Terence barely misses you.
You shoot a sling bullet. The sling bullet hits Terence.
Terence is heavily wounded.
Terence closely misses you.
You shoot a sling bullet.
The sling bullet completely misses Terence.
Terence closely misses you. Terence shouts, "Now you die!"
Terence barely misses you. You furiously retaliate!
You headbutt Terence! You shoot a sling bullet.
The sling bullet hits Terence but does no damage.
Terence is almost dead.
Terence hits you with a +0 flail!
You shoot a sling bullet.
The sling bullet closely misses Terence.
Terence hits you with a +0 flail.
You die...

....# . #+# #....# ..
#.# #....# ... #.#
#....# .... #.# #....#
..... #.# #....#
......#####.#######....#
......@@........[.......
....<.#####.#######..%..
..... #.# #.....( !...
#.# #.####. ... #.# #.#
#. ## #.# #(# #. #.# #%#
#. #.# #.# #. #.# #.# #.


You could see Terence.

Vanquished Creatures
  An adder (D:2)
  A dart slug (D:2)
  5 ball pythons
  10 bats
  6 endoplasms
  2 giant cockroaches
  6 goblins
  4 hobgoblins
  13 jackals
  A quokka (D:2)
  5 frilled lizards
  2 kobolds
  A rat (D:1)
57 creatures vanquished.

Notes
Turn   | Place    | Note
-------+----------+-------------------------------------------
     0 | D:1      | qw the Minotaur Hexslinger began the quest for the Orb.
     0 | D:1      | Reached XP level 1. HP: 16/16 MP: 1/1
     0 | D:1      | 0 ||| qw: Version: 0.3-a-52-g30416fa
     0 | D:1      | 0 ||| qw: Game counter: 5853
     0 | D:1      | 0 ||| qw: Melee chars always use a shield: true
     0 | D:1      | 0 ||| qw: God list: Okawaru
     0 | D:1      | 0 ||| qw: Allow faded altars: false
     0 | D:1      | 0 ||| qw: Do Orc after clearing Dungeon:15 true
     0 | D:1      | 0 ||| qw: Do second Lair branch before Depths: true
     0 | D:1      | 0 ||| qw: Lair rune preference: random
     0 | D:1      | 0 ||| qw: Goals: Normal
     0 | D:1      | 0 ||| PLANNING D:1-11
   205 | D:1      | Reached skill level 3 in Ranged Weapons
   205 | D:1      | Reached XP level 2. HP: 23/23 MP: 2/2
   650 | D:1      | 650 ||| UPGRADING to +0 leather armour.
   660 | D:1      | 660 ||| DROPPING +0 robe.
   661 | D:1      | 661 ||| READING scroll labelled VIAWNO FAERA.
   662 | D:1      | 662 ||| DRINKING 2 viscous amethyst potions.
   767 | D:1      | 767 ||| DROPPING scroll of poison.
   768 | D:1      | 768 ||| DROPPING potion of berserk rage.
   955 | D:2      | Reached XP level 3. HP: 29/29 MP: 3/3
  1030 | D:2      | Reached skill level 4 in Ranged Weapons
  1253 | D:2      | You fall into a shaft and drop 2 floors!
  1269 | D:4      | 1269 ||| UPGRADING to +0 ring mail.
  1279 | D:4      | 1279 ||| DROPPING +0 leather armour.
  1280 | D:4      | 1280 ||| DROPPING ring of magical power.
  1281 | D:4      | 1281 ||| READING scroll labelled BUXTUU RUNETRE.
  1432 | D:3      | Reached skill level 1 in Armour
  1490 | D:3      | 1490 ||| READING scroll labelled SUXKAP NEARIO.
  1491 | D:3      | 1491 ||| READING scroll labelled LUYDUY LURU.
  1670 | D:3      | Reached XP level 4. HP: 36/36 MP: 4/4
  1765 | D:3      | Noticed Terence
  1782 | D:3      | HP: 4/36 [Terence/+0 flail (11)]
  1783 | D:3      | Slain by Terence

Levels and vault maps discovered:
D:1:      giann_forest_graveyard, layout_basic
D:2:      layout_rooms, minmay_pentomino_v2
D:3:      layout_basic, lemuel_doored_altar, kennysheep_generic_room_11,
          uniq_terence
D:4:      layout_basic, pdpol_wu_jian_five_deadly_venoms,
          nicolae_concentric_dashed_squares_mild

Skill      XL: |  1  2  3 |
---------------+----------+-----
Ranged Weapons | 3 4 |  4.4
Fighting       | 2 |  2.0
Armour         | 1 |  1.0
Dodging        | |  2.1
Spellcasting   | |  1.0
Hexes          | |  2.0

Action                     |  1- 3 |  4- 6 || total
---------------------------+-------+-------++-------
   Fire: Sling             |   121 |    29 ||   150
    Use: Scroll            |     4 |       ||     4
         Potion            |     1 |       ||     1
 Armour: Robe              |     3 |       ||     3
         Leather armour    |    11 |       ||    11
         Ring mail         |    12 |     4 ||    16
  Dodge: Dodged            |    52 |    12 ||    64

Table legend:
 A = Non-vault XP
 B = Vault XP
 C = Vault XP percentage of total XP
 D = Non-vault monster count
 E = Vault monster count
 F = Vault count percentage of total count
                 A         B        C        D         E       F
            +---------+---------+-------+---------+---------+-------
      Total |     101 |       7 |   6.5 |      54 |       3 |   5.3
            +---------+---------+-------+---------+---------+-------
        D:1 |      26 |       0 |   0.0 |      17 |       0 |   0.0
        D:2 |      45 |       6 |  11.8 |      20 |       2 |   9.1
        D:3 |      30 |       1 |   3.2 |      17 |       1 |   5.6
            +---------+---------+-------+---------+---------+-------
